 Dungeon Crawl Stone Soup version 0.28.0-43-g3370ac3207 (webtiles) character file.

Game seed: 11616646158253131784

9 Zeld the Firebug (level 2, -2/15 HPs)
             Began as a Deep Elf Fire Elementalist on Mar 12, 2022.
             Killed from afar by a dart slug (3 damage)
             ... with a slug dart
             ... on level 1 of the Dungeon.
             The game lasted 00:00:30 (180 turns).

Zeld the Firebug (Deep Elf Fire Elementalist)        Turns: 180, Time: 00:00:31

Health: -2/15      AC:  2    Str:  5    XL:     2   Next: 3%
Magic:  3/8        EV: 12    Int: 19    God:
Gold:   26         SH:  0    Dex: 15    Spells: 6/7 levels left

rFire   . . .      SeeInvis .   (no weapon)
rCold   . . .      Faith    .   (no shield)
rNeg    . . .      Spirit   .   a - +0 robe
rPois   .          Reflect  .   (no helmet)
rElec   .          Harm     .   (no cloak)
rCorr   .          Rampage  .   (no gloves)
Will    .....                   (no boots)
Stlth   ++........              (no amulet)
HPRegen 0.05/turn               (no ring)
MPRegen 0.11/turn               (no ring)

@: no status effects
A: no striking features
a: no special abilities


You were on level 1 of the Dungeon.
You visited 1 branch of the dungeon, and saw 1 of its levels.

You collected 26 gold pieces.

Inventory:

Armour
 a - a +0 robe (worn)
Potions
 b - a potion of haste {unknown}


   Skills:
 + Level 2.6 Dodging
 + Level 2.6 Stealth
 * Level 3.3 Spellcasting
 + Level 1.2 Conjurations
 * Level 3.4 Fire Magic


You had 6 spell levels left.
You knew the following spells:

 Your Spells              Type           Power      Damage    Failure   Level
a - Foxfire               Conj/Fire      48%        2x1d6     5%          1

Your spell library contained the following spells:

 Spells                   Type           Power      Damage    Failure   Level
 Scorch                   Fire           32%        2d7       5%          2
 Conjure Flame            Conj/Fire      12%        6-21      17%         3
 Inner Flame              Hex/Fire       9%         N/A       22%         3
 Flame Wave               Conj/Fire      12%        2d6       50%         4


Dungeon Overview and Level Annotations

Branches:
Dungeon (1/15)

Altars:


Message History

The foxfire hits the hobgoblin but does no damage.
The hobgoblin is moderately wounded.
The foxfire hits the giant cockroach.
The giant cockroach is severely wounded.
The hobgoblin closely misses you. The giant cockroach closely misses you.
Unknown command.
Casting: Foxfire (safe; 5% risk of failure)
Confirm with . or Enter, or press ? or * to list all spells.
You conjure some foxfire!
The hobgoblin barely misses you.
The foxfire hits the endoplasm but does no damage.
The giant cockroach bites you but does no damage.
The foxfire hits the giant cockroach but does no damage.
The giant cockroach is severely wounded.
The giant cockroach closely misses you.
The hobgoblin hits you but does no damage.
Your magical contamination has completely faded away.
The giant cockroach closely misses you. The giant cockroach barely misses you.
You see here a quokka corpse.
Casting: Foxfire (safe; 5% risk of failure)
Confirm with . or Enter, or press ? or * to list all spells.
You conjure some foxfire!
The hobgoblin hits you.
* * * LOW HITPOINT WARNING * * *
The foxfire hits the hobgoblin.
The hobgoblin is severely wounded.
The foxfire hits the hobgoblin.
You kill the hobgoblin!
The giant cockroach misses you.
You have reached level 2!
The giant cockroach bites you but does no damage.
The giant cockroach bites you.
* * * LOW HITPOINT WARNING * * *
A dart slug comes into view.
An endoplasm comes into view.
The dart slug launches a dart at you. The slug dart hits you.
* * * LOW HITPOINT WARNING * * *
The endoplasm quivers.
The dart slug launches a dart at you. The slug dart hits you.
You die...

.. .. .. #.# # .# #.#
#... #.# ## ###
####.#. #.# .# ..#
#...... #.# .####.#
#......###.# ...##.#
#......@BJ.# .#.##'##
#J......##.# .......#
####.w...#.#
.......######.##..#.#
.......'......###.#.#
.......##########.#.#
..................#.#
..###########.....#.#
.. ............#.#


You could see a dart slug, 2 endoplasms and a giant cockroach.

Vanquished Creatures
  An endoplasm (D:1)
  A hobgoblin (D:1)
  3 jackals (D:1)
  A quokka (D:1)
  A ball python (D:1)
7 creatures vanquished.

Vanquished Creatures (others)
  17 foxfires (D:1)
17 creatures vanquished.

Grand Total: 24 creatures vanquished

Notes
Turn   | Place    | Note
-------+----------+-------------------------------------------
     0 | D:1      | Zeld the Deep Elf Fire Elementalist began the quest for the
                  | Orb.
     0 | D:1      | Reached XP level 1. HP: 10/10 MP: 6/6
   169 | D:1      | Reached XP level 2. HP: 4/15 MP: 1/8
   180 | D:1      | Killed from afar by a dart slug

Illustrated notes

Levels and vault maps discovered:
D:1:      amcnicky_arrival_flooded_fountain, layout_basic

Action                   || total
-------------------------++-------
 Cast: Foxfire           ||    10
Armor: Robe              ||     3
Dodge: Dodged            ||    12
